 Dungeon Crawl Stone Soup version 0.30-a0-458-g86641cc369 (webtiles) character file.

Game seed: 14033973883055928455

1533 Mitcholas the Cleaver (level 8, -2/68 HPs)
             Began as a Hill Orc Fighter on Dec 14, 2022.
             Slain by Blork the orc
             ... wielding a +0 glaive
              (5 damage)
             ... on level 6 of the Dungeon.
             The game lasted 00:15:18 (5437 turns).

Mitcholas the Cleaver (Hill Orc Fighter)            Turns: 5437, Time: 00:15:19

Health: -2/68      AC: 10    Str: 21    XL:     8   Next: 85%
Magic:  8/8        EV:  7    Int:  8    God:
Gold:   195        SH:  0    Dex: 10    Spells: 7/7 levels left

rFire   + . .      SeeInvis .    a - +0 war axe
rCold   + . .      Faith    .    c - +0 buckler
rNeg    . . .      Spirit   .    B - +0 chain mail
rPois   .          Reflect  .    (no helmet)
rElec   .          Harm     .    A - scarf {rC+ rF+}
rCorr   .          Rampage  .    (no gloves)
Will    .....                    b - +0 pair of boots
Stlth   ..........               (no amulet)
HPRegen 0.31/turn                (no ring)
MPRegen 0.11/turn                (no ring)

@: confused
A: no striking features
a: no special abilities


You were on level 6 of the Dungeon.
You visited 1 branch of the dungeon, and saw 6 of its levels.

You collected 195 gold pieces.

Inventory:

Hand Weapons
 a - a +0 war axe (weapon)
Missiles
 f - 7 poisoned darts (quivered)
 u - a throwing net
Armour
 b - a +0 pair of boots (worn)
 c - a +0 buckler (worn)
 A - a scarf of resistance (worn)
 B - a +0 chain mail (worn)
Wands
 o - a wand of light (14)
 r - a wand of flame (17)
 x - a wand of polymorph (9)
 z - a wand of roots (8)
Scrolls
 e - 2 scrolls of magic mapping {unknown}
 g - a scroll of immolation {unknown}
 h - 3 scrolls of teleportation {unknown}
 j - 2 scrolls of blinking {unknown}
 n - a scroll of silence {unknown}
 p - a scroll of noise {unknown}
 q - a scroll of fear {unknown}
 y - a scroll of identify
Potions
 d - 2 potions of might
 i - 2 potions of mutation
 k - 3 potions of lignification
 l - a potion of ambrosia
 m - a potion of brilliance {unknown}
 s - 4 potions of curing
 t - a potion of degeneration {unknown}
 v - 2 potions of resistance {unknown}
 w - a potion of heal wounds {unknown}


   Skills:
 + Level 5.2 Fighting
 * Level 11.7 Axes
 + Level 4.7 Armour
 + Level 4.6 Shields
 + Level 2.8 Evocations


You had 7 spell levels left.
You didn't know any spells.
Your spell library contained the following spells:

 Spells                   Type           Power      Damage    Failure   Level
 Foxfire                  Conj/Fire      0%         2x1d4     99%         1
 Fireball                 Conj/Fire      0%         3d3       100%        5
 Summon Forest            Summ/Tloc      0%         N/A       100%        5
 Eringya's Noxious Bog    Tmut/Pois      0%         N/A       100%        6
 Starburst                Conj/Fire      0%         6d3       100%        6
 Summon Hydra             Summ           0%         N/A       100%        7


Dungeon Overview and Level Annotations

Branches:
Dungeon (6/15)
 Temple: D:4-7

Altars:
Makhleb
Sif Muna

Shops:
D:4 (

Annotations:
D:6 Blork the orc


Message History

You hit the ogre but do no damage.
The ogre is severely wounded.
You hit the ogre but do no damage.
The ogre is severely wounded.
The ogre hits you but does no damage.
You slash the ogre!
You kill the ogre!
You start resting.
HP restored.
You see here a +0 giant club.
o - a wand of light (14) (gained 9 charges) Blork the orc and an orc wizard come into view.
Blork the orc is wielding a +0 glaive and carrying a wand of light (6).
Blork the orc shouts!
The orc wizard shouts!
Blork the orc looks satisfied for a moment.
You barely miss the orc wizard.
The orc wizard points at you and mumbles some strange words.
You are confused.
You closely miss the orc wizard.
Blork the orc hits you from afar with a +0 glaive!
You slash the orc wizard!
The orc wizard is heavily wounded.
The orc wizard hits you but does no damage.
Blork the orc barely misses you.
Blork the orc looks satisfied for a moment.
You slash the orc wizard!
You kill the orc wizard!
Blork the orc zaps a wand.
The bolt of light hits you!
You bump into the rock wall.
Blork the orc zaps a wand.
The bolt of light hits you!!
You are more confused.
Blork the orc zaps a wand.
The bolt of light hits you!
* * * LOW HITPOINT WARNING * * *
You are too confused!
Blork the orc zaps a wand.
The bolt of light hits you!
You are more confused.
* * * LOW HITPOINT WARNING * * *
You bump into the rock wall.
Blork the orc hits you from afar with a +0 glaive.
You die...

#..........# ######
#....b.....# #....##
##.........# ......##
##.)........#
.......####..#......>.#
........#..###.......#
..........## ##......#
.........## #...).##
..........# ##@..##
.†........# #..o# ####
<..........# ##..#
##.... ...........#
#..# #....[.
...........#
##.##.......
#.<........#
#..#....... ##........
##......... ####......
#..$...... ## ##....
##........


You could see Blork the orc.

Vanquished Creatures
  Pikel (D:5)
  An ice beast (D:4)
  A black bear (D:5)
  An ogre (D:6)
  2 lemures (D:4)
  2 scorpions
  2 orc priests (D:4)
  5 hounds
  4 jellies
  Terence (D:2)
  Natasha (thrice) (D:2)
  4 orc wizards
  6 adders
  2 dart slugs (D:2)
  16 orcs
  3 bats
  6 endoplasms
  6 goblins
  5 hobgoblins
  2 jackals (D:2)
  6 quokkas
  6 ball pythons
  2 frilled lizards (D:1)
  4 kobolds
  3 rats (D:2)
94 creatures vanquished.

Notes
Turn   | Place    | Note
-------+----------+-------------------------------------------
     0 | D:1      | Mitcholas the Hill Orc Fighter began the quest for the Orb.
     0 | D:1      | Reached XP level 1. HP: 19/19 MP: 1/1
    38 | D:1      | Reached skill level 3 in Axes
   186 | D:1      | Reached XP level 2. HP: 26/26 MP: 2/2
   680 | D:2      | Noticed Terence
   712 | D:2      | Killed Terence
   713 | D:2      | Reached skill level 4 in Axes
   713 | D:2      | Reached XP level 3. HP: 6/31 MP: 3/3
   714 | D:2      | Reached skill level 5 in Axes
   966 | D:2      | Noticed Natasha
   972 | D:2      | Killed Natasha
   973 | D:2      | Reached XP level 4. HP: 39/39 MP: 4/4
   977 | D:2      | Found a faded altar of an unknown god.
  1326 | D:2      | Noticed Natasha
  1336 | D:2      | Killed Natasha
  1337 | D:2      | Reached skill level 6 in Axes
  1664 | D:2      | Found a faded altar of an unknown god.
  1673 | D:2      | Noticed Natasha
  1683 | D:2      | Killed Natasha
  1684 | D:2      | Reached XP level 5. HP: 15/45 MP: 5/5
  1959 | D:3      | Reached skill level 7 in Axes
  2055 | D:3      | Found a burning altar of Makhleb.
  2471 | D:4      | Noticed an ice beast
  2493 | D:4      | Killed an ice beast
  2494 | D:4      | Reached skill level 8 in Axes
  2494 | D:4      | Reached XP level 6. HP: 4/51 MP: 6/6
  2868 | D:4      | Found Amua's Antique Weapon Shop.
  2954 | D:4      | Reached skill level 9 in Axes
  3049 | D:4      | Reached XP level 7. HP: 16/57 MP: 7/7
  3576 | D:4      | Reached skill level 10 in Axes
  3998 | D:5      | Entered Level 5 of the Dungeon
  4066 | D:5      | Noticed Pikel
  4234 | D:5      | Reached skill level 1 in Evocations
  4435 | D:5      | Found a shimmering blue altar of Sif Muna.
  4556 | D:5      | Killed Pikel
  4557 | D:5      | Reached skill level 11 in Axes
  4557 | D:5      | Reached XP level 8. HP: 10/67 MP: 8/8
  5185 | D:5      | Reached skill level 5 in Fighting
  5416 | D:6      | Noticed Blork the orc
  5436 | D:6      | HP: 3/68 [Blork the orc/bolt of light (10)]
  5437 | D:6      | Slain by Blork the orc

Illustrated notes

Levels and vault maps discovered:
D:1:      giann_horns, layout_basic, st_stairs_7, serial_bayou_pond_d
D:2:      layout_rooms, hellmonk_ecumenical_altar_zigzags, uniq_terence,
          uniq_natasha
D:3:      layout_rooms, mainiacjoe_overflow_small_starburst
D:4:      layout_basic, kennysheep_windowed_goal
D:5:      layout_cave_pods, mainiacjoe_overflow_six_doors_small, uniq_pikel
D:6:      layout_cave_pods, minmay_temple_entry_butterflies,
          reono_crystal_passage, serial_bayou_pond_c, uniq_blork_the_orc

Skill      XL: |  1  2  3  4  5  6  7  8 |
---------------+-------------------------+-----
Axes           | 3 4 5 6 8 9 11 | 11.7
Fighting       | 4 5 |  5.2
Evocations     | 2 |  2.8
Armour         | 4 |  4.7
Shields        | 4 |  4.6

Action                   |  1- 3 |  4- 6 |  7- 9 || total
-------------------------+-------+-------+-------++-------
Melee: War axe           |    52 |   118 |   156 ||   326
Evoke: Wand              |       |     3 |     1 ||     4
  Use: Scroll            |       |     4 |       ||     4
Armor: Scale mail        |    15 |    41 |    21 ||    77
       Chain mail        |       |       |    18 ||    18
Dodge: Dodged            |    18 |    43 |    45 ||   106
Block: Buckler           |     8 |    32 |    17 ||    57

Table legend: (Time is in decaauts)
 A = Elapsed time spent in this place.
 B = Non-inter-level travel time spent in this place.
 C = Inter-level travel time spent in this place.
 D = Time resting spent in this place.
 E = Time spent auto-exploring this place.
 F = Levels seen in this place.
 G = Mean time per level.
                   A        B        C        D        E       F      G
               +--------+--------+--------+--------+--------+-----+--------+
         Total |   5504 |   5261 |    243 |   1360 |   2948 |   6 |  917.3 |
       Dungeon |   5504 |   5261 |    243 |   1360 |   2948 |   6 |  917.3 |
               +--------+--------+--------+--------+--------+-----+--------+

Top non-repeatable levels by time:
     D:4: 1701 daAuts
     D:2: 1406 daAuts
     D:5: 1097 daAuts
     D:1: 559 daAuts
     D:3: 553 daAuts
     D:6: 187 daAuts
